 Dungeon Crawl Stone Soup version 0.32-a0-814-g0968bab981 (webtiles) character file.

Game seed: 7164493828232592429

128 zazu2006 the Thaumaturge (level 5, -6/37 HPs)
             Began as a Gnoll Wanderer on Mar 22, 2024.
             Mangled by a mummy (16 damage)
             ... in an ossuary.
             The game lasted 00:06:10 (2275 turns).

zazu2006 the Thaumaturge (Gnoll Wanderer)           Turns: 2275, Time: 00:06:11

Health: -6/37      AC:  3    Str: 10    XL:     5   Next: 11%
Magic:  11/18      EV: 12    Int: 16    God:
Gold:   17         SH:  0    Dex: 10    Spells: 25/26 levels left

rFire   . . .        l - +0 hand axe (heavy)
rCold   . . .        (no shield)
rNeg    + . .        d - +0 robe
rPois   .            (no helmet)
rElec   .            b - +0 cloak
rCorr   .            (no gloves)
SInv    .            (no boots)
Will    .....        (no amulet)
Stlth   ++           f - ring of positive energy
HPRegen 0.26/turn    (no ring)
MPRegen 0.16/turn

%: no passive effects
@: no status effects
A: fangs 1, strong nose, distributed training
a: no special abilities


You were in an ossuary.
You visited 1 branch of the dungeon, and saw 4 of its levels.
You also visited: Ossuary.

You collected 77 gold pieces.
You spent 60 gold pieces at shops.

Inventory:

Hand Weapons
 a - a +0 hand axe
 l - a +0 heavy hand axe (weapon)
Armour
 b - a +0 cloak (worn)
 d - a +0 robe (worn)
Jewellery
 f - a ring of positive energy (left hand)
Wands
 j - a wand of mindburst (4)
Scrolls
 h - 2 scrolls of blinking {unknown}
 i - 4 scrolls of identify {unknown}
 k - a scroll of noise {unknown}
 o - a scroll of poison {unknown}
 p - a scroll of fog {unknown}
Potions
 c - 2 potions of curing
 e - a potion of haste {unknown}
 g - 2 potions of might {unknown}
 m - a potion of attraction {unknown}
 n - a potion of heal wounds


   Skills:
 + Level 1.4 Fighting
 + Level 1.4 Short Blades
 + Level 1.4 Long Blades
 + Level 2.9 Axes
 + Level 1.4 Maces & Flails
 + Level 1.4 Polearms
 + Level 1.4 Staves
 + Level 1.4 Ranged Weapons
 + Level 1.4 Throwing
 + Level 1.4 Armour
 + Level 4.7 Dodging
 + Level 2.7 Stealth
 + Level 1.4 Shields
 + Level 1.4 Unarmed Combat
 + Level 11.4 Spellcasting
 + Level 1.1 Conjurations
 + Level 1.1 Hexes
 + Level 1.1 Summonings
 + Level 1.1 Necromancy
 + Level 1.1 Translocations
 + Level 1.1 Fire Magic
 + Level 1.1 Ice Magic
 + Level 1.1 Air Magic
 + Level 1.1 Earth Magic
 + Level 1.1 Alchemy
 + Level 1.6 Invocations
 + Level 1.4 Evocations
 + Level 1.3 Shapeshifting


You had 25 spell levels left.
You knew the following spells:

 Your Spells              Type           Power      Damage    Failure   Level
a - Shock                 Conj/Air       48%        1d6       4%          1

Your spell library contained the following spells:

 Spells                   Type           Power      Damage    Failure   Level
 Sandblast                Erth           24%        2d8       4%          1
 Call Imp                 Summ           24%        N/A       8%          2
 Ensorcelled Hibernation  Hex/Ice        24%        N/A       8%          2
 Sublimation of Blood     Necr           12%        N/A       8%          2
 Frozen Ramparts          Ice            24%        1d4       14%         3
 Summon Hydra             Summ           6%         N/A       100%        7


Dungeon Overview and Level Annotations

Branches:
Dungeon (4/15)            Ossuary (1/1)
 Temple: D:4-7

Altars:

Shops:
D:4 !


Innate Abilities, Weirdness & Mutations

You have very sharp teeth.
Your uncanny sense of smell can sniff out nearby items.
Your experience applies equally to all skills.


Message History

You slash the mummy!
You destroy the mummy!
Casting: Shock (safe; 4% risk of failure)
Confirm with . or Enter, or press ? or * to list all spells.
Aiming: Shock (safe; 4% risk of failure)
Press: ? - help, Shift-Dir - straight line, f - mummy
Aim: a mummy (85% to hit)
The zap hits the mummy.
The mummy is moderately damaged.
You barely miss the mummy. You bite the mummy, but do no damage.
The mummy is lightly damaged.
The mummy hits you!
You hit the mummy.
The mummy is moderately damaged.
The mummy hits you but does no damage.
Your magical contamination has completely faded away.
You hit the mummy.
The mummy is moderately damaged.
The mummy barely misses you.
You barely miss the mummy.
The mummy is moderately damaged.
The mummy hits you!
* * * LOW HITPOINT WARNING * * *
Casting: Shock (safe; 4% risk of failure)
Confirm with . or Enter, or press ? or * to list all spells.
Aiming: Shock (safe; 4% risk of failure)
Press: ? - help, Shift-Dir - straight line, f/p - mummy
Aim: a mummy (moderately damaged, 85% to hit)
The zap hits the mummy.
The mummy is heavily damaged.
Unknown command.
Casting: Shock (safe; 4% risk of failure)
Confirm with . or Enter, or press ? or * to list all spells.
Aiming: Shock (safe; 4% risk of failure)
Press: ? - help, Shift-Dir - straight line, f/p - mummy
Aim: a mummy (heavily damaged, 85% to hit)
The zap hits the mummy.
The mummy is almost destroyed.
The mummy hits you!
You die...

##..##..##..####..##..##.
##..##..##..##!!##..##..##
##..##..##..##!.∆ ##..##..#
##..##..##..##?. ∆ ∆##..##..
##..##..##..##..∆ ∆ ##..##.
##..##..##..##.. ∆ ##..##
##..##..##..##.. ∆∆ ##..#
##..##..##..##'M##############..
##..##..##..##..@................
#..##..##..######################
..##..##.........................
.##..############################
##.^.............................
#################################


You could see a mummy.

Vanquished Creatures
  An orc priest (D:3)
  A mummy (Ossuary)
  An adder (D:4)
  A dart slug (D:1)
  A ribbon worm (D:2)
  4 orcs
  4 endoplasms
  2 giant cockroaches
  2 goblins (D:1)
  A hobgoblin (D:2)
  3 jackals (D:1)
  A kobold (D:4)
  2 quokkas
  5 ball pythons
  A bat (D:3)
  5 gnoll skeletons (Ossuary)
  A gnoll zombie (Ossuary)
  3 goblin skeletons (Ossuary)
  6 goblin zombies (Ossuary)
  6 hobgoblin skeletons (Ossuary)
  4 hobgoblin zombies (Ossuary)
  4 kobold skeletons (Ossuary)
  3 kobold zombies (Ossuary)
  3 orc skeletons (Ossuary)
  4 orc zombies (Ossuary)
  2 rats (D:1)
  4 rat skeletons (Ossuary)
  7 rat zombies (Ossuary)
82 creatures vanquished.

Notes
Turn   | Place    | Note
-------+----------+-------------------------------------------
     0 | D:1      | Reached skill level 11 in Spellcasting
     0 | D:1      | zazu2006 the Gnoll Wanderer began the quest for the Orb.
     0 | D:1      | zazu2006 set off with the following items: a +0 hand axe, a
                  | +0 cloak, a potion of curing, a +0 robe; and the following
                  | spells available to memorise: Sandblast, Shock, Ensorcelled
                  | Hibernation, Frozen Ramparts.
     0 | D:1      | Reached XP level 1. HP: 13/13 MP: 12/12
     2 | D:1      | Learned a level 1 spell: Shock
   312 | D:1      | Reached XP level 2. HP: 19/19 MP: 9/14
   996 | D:2      | Reached XP level 3. HP: 25/25 MP: 7/15
  1210 | D:3      | Reached skill level 1 in Invocations
  1218 | D:3      | Reached skill level 1 in Fighting
  1218 | D:3      | Reached skill level 1 in Short Blades
  1218 | D:3      | Reached skill level 1 in Long Blades
  1218 | D:3      | Reached skill level 1 in Maces & Flails
  1218 | D:3      | Reached skill level 1 in Polearms
  1218 | D:3      | Reached skill level 1 in Staves
  1218 | D:3      | Reached skill level 1 in Ranged Weapons
  1218 | D:3      | Reached skill level 1 in Throwing
  1218 | D:3      | Reached skill level 1 in Armour
  1218 | D:3      | Reached skill level 1 in Shields
  1218 | D:3      | Reached skill level 1 in Unarmed Combat
  1218 | D:3      | Reached skill level 1 in Evocations
  1218 | D:3      | Reached skill level 1 in Shapeshifting
  1218 | D:3      | Reached XP level 4. HP: 27/32 MP: 6/17
  1420 | D:4      | Found Tufallec's Distillery.
  1427 | D:4      | Bought a potion of heal wounds for 60 gold pieces
  1519 | D:4      | Reached skill level 1 in Conjurations
  1519 | D:4      | Reached skill level 1 in Hexes
  1519 | D:4      | Reached skill level 1 in Summonings
  1519 | D:4      | Reached skill level 1 in Necromancy
  1519 | D:4      | Reached skill level 1 in Translocations
  1519 | D:4      | Reached skill level 1 in Fire Magic
  1519 | D:4      | Reached skill level 1 in Ice Magic
  1519 | D:4      | Reached skill level 1 in Air Magic
  1519 | D:4      | Reached skill level 1 in Earth Magic
  1519 | D:4      | Reached skill level 1 in Alchemy
  1531 | D:4      | Found a sand-covered staircase.
  1540 | Ossuary  | Entered an ossuary
  2252 | Ossuary  | Reached XP level 5. HP: 37/37 MP: 18/18
  2275 | Ossuary  | Mangled by a mummy

Illustrated notes

Levels and vault maps discovered:
D:1:      dpeg_arrival_signposts, layout_rooms, nicolae_the_louvre
D:2:      layout_basic, shapermc_ecumenical_altar_acropolis
D:3:      minmay_goblin_kobold_castle, layout_rooms
D:4:      layout_gridville, mainiacjoe_overflow_concentric_impassable,
          enter_ossuary_1, serial_shops, nicolae_shop_back_alley_shop, shop
Ossuary:  ossuary_due_pyramid

Skill      XL: |  1  2  3  4 |
---------------+-------------+-----
Spellcasting   | | 11.4
Invocations    | 1 |  1.6
Fighting       | 1 |  1.4
Short Blades   | 1 |  1.4
Long Blades    | 1 |  1.4
Maces & Flails | 1 |  1.4
Polearms       | 1 |  1.4
Staves         | 1 |  1.4
Ranged Weapons | 1 |  1.4
Throwing       | 1 |  1.4
Armour         | 1 |  1.4
Shields        | 1 |  1.4
Unarmed Combat | 1 |  1.4
Evocations     | 1 |  1.4
Shapeshifting  | 1 |  1.3
Conjurations   | 1 |  1.1
Hexes          | 1 |  1.1
Summonings     | 1 |  1.1
Necromancy     | 1 |  1.1
Translocations | 1 |  1.1
Fire Magic     | 1 |  1.1
Ice Magic      | 1 |  1.1
Air Magic      | 1 |  1.1
Earth Magic    | 1 |  1.1
Alchemy        | 1 |  1.1
Axes           | |  2.9
Dodging        | |  4.7
Stealth        | |  2.7

Action                     |  1- 3 |  4- 6 || total
---------------------------+-------+-------++-------
  Melee: Hand axe          |    10 |    75 ||    85
         Bite              |     1 |     8 ||     9
   Cast: Shock             |    74 |    73 ||   147
 Armour: Robe              |     9 |    43 ||    52
  Dodge: Dodged            |    15 |    47 ||    62

Table legend: (Time is in decaauts)
 A = Elapsed time spent in this place.
 B = Non-inter-level travel time spent in this place.
 C = Inter-level travel time spent in this place.
 D = Time resting spent in this place.
 E = Time spent auto-exploring this place.
 F = Levels seen in this place.
 G = Mean time per level.
                   A        B        C        D        E       F      G
               +--------+--------+--------+--------+--------+-----+--------+
         Total |   2324 |   2273 |     51 |      0 |   1555 |   5 |  464.8 |
       Dungeon |   1544 |   1493 |     51 |      0 |   1034 |   4 |  386.0 |
       Ossuary |    779 |    779 |      0 |      0 |    521 |   1 |  779.0 |
               +--------+--------+--------+--------+--------+-----+--------+

Top non-repeatable levels by time:
     D:1: 906 daAuts
 Ossuary: 779 daAuts
     D:3: 340 daAuts
     D:4: 207 daAuts
     D:2: 90 daAuts
